Map: Frozen Temple

Players

Pokebunny

  • Race: Terran Terran
  • League: Grandmaster

WhosJohnGalt - Winner!

  • Race: Zerg Zerg
  • League: Master

VOD

Have the link to the VOD?

Description

Time

  • Played on: April 5, 2016, 2:33 p.m.
  • Length: 11:15
Show
View Real Time Build Order
Export as new Build Order

Pokebunny Terran 

Build Orders: Reaper Expand, MMM Bio 

Get SALT Encoding   

  12  0:01  SCV  
  13  0:13  SCV  
  14  0:19  Supply Depot  
  14  0:26  SCV  
  15  0:41  SCV  
  16  0:44  Barracks  
  16  0:46  Refinery  
  16  0:53  SCV  
  17  1:05  SCV  
  18  1:17  SCV  
  19  1:30  Reaper, Orbital Command  
  20  1:40  Command Center  
  20  1:52  Supply Depot  
  20  1:56  SCV  
  21  2:03  Barracks Reactor  
  21  2:07  Barracks  
  21  2:10  SCV  
  22  2:17  Barracks  
  22  2:22  SCV  
  23  2:27  Refinery  
  23  2:34  SCV  
  23  2:40  Marine x2  
  25  2:49  SCV  
  26  2:59  Barracks Tech Lab  
  26  3:01  Factory  
  26  3:02  Marine  
  26  3:03  Marine  
  28  3:07  Orbital Command  
  28  3:10  SCV  
  28  3:12  Marine  
  30  3:21  Marine  
  30  3:25  Marauder  
  30  3:26  Bunker  
  32  3:32  SCV  
  33  3:36  Marine x2  
  33  3:39  Marine  
  35  3:58  Orbital Command  
  34  4:03  Marine x2  
  34  4:04  Supply Depot, Marauder  
  34  4:08  Factory Tech Lab  
  37  4:19  Engineering Bay  
  37  4:28  Supply Depot x2  
  36  4:35  Siege Tank  
  37  4:43  Marine  
  38  4:49  Marine  
  38  4:50  Marauder  
  41  4:55  Stimpack  
  41  5:04  Starport  
  41  5:05  Orbital Command  
  41  5:08  Marine  
  41  5:13  Factory Reactor  
  41  5:14  SCV  
  43  5:19  Marine  
  43  5:20  Marine x2  
  46  5:26  Marine, SCV  
  48  5:31  SCV  
  49  5:36  Supply Depot  
  49  5:42  Marine  
  49  5:43  Marine, Marauder  
  49  5:44  Marine  
  54  5:57  Medivac x2, SCV x2  
  54  5:58  Supply Depot  
  54  6:02  Terran Infantry Weapons Level 1  
  60  6:13  Supply Depot, SCV x2  
  62  6:20  Siege Tank  
  62  6:24  Barracks Reactor, Supply Depot  
  62  6:25  Marine x3  
  68  6:31  SCV x2  
  70  6:39  Medivac x2  
  74  6:46  Supply Depot  
  74  6:48  Bunker  
  74  6:52  Siege Tank  
  77  6:56  Marine x3  
  77  6:59  Refinery  
  77  7:00  SCV  
  81  7:03  SCV  
  79  7:22  Marine x4  
  77  7:23  Marauder  
  77  7:24  Siege Tank  
  77  7:29  SCV x2  
  79  7:47  Marine x2  
  79  7:48  Marine x2, Marauder  
  79  7:49  Combat Shields  
  80  7:58  Command Center  
  80  8:03  SCV  
  80  8:04  SCV  
  82  8:12  Medivac x2  
  82  8:18  SCV x2  
  63  8:35  Marine x4, Marauder  
  66  8:41  Barracks, Terran Infantry Armor Level 1  
  66  8:42  Barracks  
  66  8:43  SCV x2  
  66  8:48  Refinery  
  68  8:53  Marine x3  
  72  8:55  SCV x2  
  72  9:01  Siege Tank  
  72  9:02  Marine x2  
  72  9:27  Marine x4, Marauder  
  77  9:31  Armory  
  77  9:34  Engineering Bay  
  77  9:38  SCV x2  
  79  9:43  Siege Tank  
  79  9:44  Medivac x2  
  86  9:52  Orbital Command  
  86  9:53  SCV x2  
  86  9:59  Barracks Reactor x2, Marine  
  88  10:00  Marine x3, Marauder  
  88  10:02  Concussive Shells  
  92  10:11  Missile Turret  
  92  10:13  Missile Turret  
  90  10:14  Missile Turret  
  90  10:17  Siege Tank  
  90  10:18  Missile Turret  
  93  10:24  SCV x3  
  96  10:35  Marine x5  
  98  10:37  SCV x3  
  98  10:42  Supply Depot, Bunker  
  104  10:45  Marine x4  
  108  10:53  Marine  
Show
View Real Time Build Order
Export as new Build Order

WhosJohnGalt Zerg - Winner!

Build Orders: Pool First, Muta Ling Bane 

Get SALT Encoding   

  12  0:01  Drone  
  13  0:12  Overlord  
  13  0:18  Drone  
  14  0:31  Drone x2  
  14  0:35  Drone  
  17  0:47  Spawning Pool, Drone  
  17  0:56  Drone  
  18  1:04  Extractor  
  18  1:08  Drone  
  18  1:17  Hatchery  
  17  1:20  Drone  
  18  1:34  Zergling x2, Queen  
  21  1:40  Drone  
  22  1:50  Overlord  
  22  1:54  Roach Warren  
  22  2:00  Drone  
  22  2:09  Queen  
  24  2:16  Overlord  
  24  2:42  Roach x3  
  24  2:43  Roach x2  
  34  2:44  Roach  
  34  2:48  Roach  
  37  2:59  Overlord  
  37  3:03  Drone x2  
  39  3:08  Drone x2  
  39  3:10  Ravager  
  42  3:24  Roach, Drone x3  
  47  3:28  Overlord  
  47  3:31  Drone  
  47  3:33  Drone  
  49  3:36  Drone  
  49  3:39  Ravager  
  51  3:59  Drone x8  
  51  4:02  Extractor  
  58  4:03  Extractor  
  58  4:07  Ravager  
  58  4:23  Drone x2  
  58  4:24  Overlord  
  57  4:44  Drone x9  
  66  4:46  Metabolic Boost  
  66  4:53  Hatchery  
  66  4:56  Evolution Chamber  
  66  4:57  Overlord x2, Evolution Chamber  
  63  5:12  Queen  
  65  5:15  Overlord x2  
  65  5:19  Zergling x12  
  71  5:24  Lair  
  71  5:26  Zerg Ground Armor Level 1  
  71  5:37  Drone x3, Extractor  
  71  5:41  Zerg Melee Weapons Level 1  
  73  5:47  Zergling x10  
  73  5:48  Zergling x4, Baneling Nest  
  79  5:59  Drone x2  
  81  6:04  Queen  
  83  6:12  Pneumatized Carapace  
  83  6:26  Drone x8  
  83  6:27  Zergling x6  
  83  6:28  Zergling x2  
  95  6:37  Centrifical Hooks  
  94  6:40  Spire  
  94  6:45  Baneling x6  
  94  6:46  Baneling  
  93  6:47  Zergling x2  
  93  6:48  Zergling x6  
  93  6:49  Overlord x2  
  93  6:54  Overlord x2  
  84  7:20  Zergling x22  
  86  7:23  Zergling x8  
  86  7:28  Ravager  
  86  7:29  Ravager  
  92  7:30  Zergling x2  
  81  7:48  Drone x5  
  81  7:51  Zerg Ground Armor Level 2, Zerg Melee Weapons Level 2  
  86  7:54  Zerg Flyer Weapons Level 1  
  86  7:58  Drone, Extractor  
  85  7:59  Drone x2, Extractor  
  85  8:00  Drone x3  
  85  8:02  Baneling  
  85  8:03  Zergling x12, Baneling x5  
  90  8:17  Zergling x2  
  90  8:18  Zergling x4  
  84  8:30  Zergling x2  
  84  8:31  Zergling x16  
  90  8:36  Queen  
  92  8:47  Mutalisk x5  
  102  8:55  Zergling x4  
  104  8:57  Baneling x6  
  104  8:58  Baneling  
  104  9:03  Zergling x2  
  104  9:04  Zergling x4  
  103  9:10  Hatchery  
  96  9:19  Zergling x6  
  96  9:20  Zergling x10  
  101  9:35  Drone x4  
  105  9:41  Zergling x12  
  111  9:46  Hatchery  
  111  9:47  Burrow  
  111  9:48  Infestation Pit  
  109  9:58  Zergling x14  
  115  10:14  Mutalisk x7  
  115  10:17  Overlord x2  
  115  10:20  Overlord x3  
  129  10:26  Drone x3  
  132  10:28  Queen  
Tags
 
Add a new tag
Caveats
  • Supply blocks, unpowered buildings, or Contaminate may cause inaccurate times.
  • Supply counts are checked every 10 seconds.